[Event "*** Titled Tuesday Blitz"]
[Site "Chess.com"]
[Date "2021.03.09"]
[Round "3"]
[White "Sychev_Klementy"]
[Black "Lion-Al-Messi"]
[Result "0-1"]
[WhiteElo "2877"]
[BlackElo "2489"]
[TimeControl "180+1"]
[EndTime "10:29:35 PST"]
[Termination "Lion-Al-Messi won by resignation"]

1. e4 b6 2. d4 Bb7 3. Nf3 e6 4. Bd3 c5 5. d5 exd5 6. exd5 Bxd5 7. Nc3 Be6 8. O-O Nc6 9. Re1 Nf6 10. Nh4 Be7 11. Nf5 Bxf5 12. Bxf5 O-O 13. Bg5 Nd4 14.
Bd3 Ne6 15. Bh4 Nf4 16. Qf3 Ng6 17. Bg3 d5 18. h4 h5 19. Nb5 Ng4 20. Nc7 Rc8 21.
Nxd5 Bxh4 22. c4 Qg5 23. Re2 N4e5 24. Bxe5 Nxe5 25. Qh3 Nxd3 26. Qxd3 Qg6 27. Qh3 Qg4 28. Qxg4 hxg4 29. Rae1 Rcd8 30. g3 Bg5 31. Re5 f6 32.
Re6 b5 33. Ne7+ Kf7 34. Nc6 Rd2 35. cxb5 Rxb2 36. Re7+ Kg6 37. a4 c4 38. Rc7 c3 39.
Ne7+ Kh7 40. Nd5 c2 41. Ne3 Bxe3 42. fxe3 Rd8 43. Kf1 Rd1 44. e4 Rbb1 0-1

[Event "*** Titled Tuesday Blitz"]
[Site "Chess.com"]
[Date "2021.03.09"]
[Round "3"]
[White "CroissantNeuf"]
[Black "elextranjero00"]
[Result "1/2-1/2"]
[WhiteElo "2507"]
[BlackElo "2651"]
[TimeControl "180+1"]
[EndTime "10:29:36 PST"]
[Termination "Game drawn by repetition"]

1. e4 c6 2. d4 d5 3. e5 Bf5 4.
h4 h5 5. Bd3 Bxd3 6. Qxd3 Qa5+ 7.
Nd2 e6 8. Nf3 Qa6 9. c4 Nd7 10.
O-O Nh6 11. b3 Nf5 12. a4 Be7 13. Ba3 Nxh4 14. Nxh4 Bxh4 15. Bd6 Be7 16. Bxe7 Kxe7 17. b4 Qb6 18. b5 g6 19. a5 Qc7 20. Qa3+ Ke8 21.
a6 cxb5 22. cxd5 exd5 23. Rac1 Qb6 24. axb7 Qxb7 25. Qd6 Qb6 26. Rc6 Qb8 27. Rc7 Qd8 28. e6 fxe6 29. Re1 Rh7 30. Qxe6+ Re7 31. Qxg6+ Kf8 32.
Qh6+ Rg7 33. Re6 Qxc7 34. Qh8+ Rg8 35. Qh6+ Kf7 36. Rd6 Rae8 37. Qh7+ Rg7 38. Qxh5+ Kf8 39. Qh8+ Rg8 40. Qh6+ Rg7 41. Qh8+ Kf7 42. Qh5+ Kf8 43. Qh8+ 1/2-1/2

[Event "*** Titled Tuesday Blitz"]
[Site "Chess.com"]
[Date "2021.03.09"]
[Round "3"]
[White "SaraciNderim"]
[Black "Herman-NY"]
[Result "1-0"]
[WhiteElo "2793"]
[BlackElo "2457"]
[TimeControl "180+1"]
[EndTime "10:29:37 PST"]
[Termination "SaraciNderim won on time"]

1. e4 e5 2. Nf3 Nc6 3. Bb5 f5 4. exf5 e4 5. Qe2 Qe7 6. Bxc6 bxc6 7. Nd4 c5 8. Nb3 a5 9. Qh5+ Kd8 10. a4 Nf6 11.
Qh4 Ba6 12. Nc3 Bc4 13. Ne2 Ra6 14. Nf4 Rg8 15. Kd1 Qf7 16. Ra3 Bd6 17. Re1 Re8 18.
d3 exd3 19. Rxe8+ Kxe8 20. Nxd3 Bxd3 21. cxd3 c4 22. dxc4 Bxa3 23. bxa3 Rb6 24. Kc2 Qe7 25. Be3 Rb8 26. Nc5 Qe5 27. Qd4 Qxf5+ 28. Kd2 Rb1 29. Ke2 Qc2+ 30. Kf3 Qf5+ 31. Kg3 d6 32. Na6 Rb7 33.
h3 Ne4+ 34. Kh2 Nf6 35. c5 d5 36. c6 Rb1 37. Nxc7+ Kf7 38. Nb5 Qc2 39. Nd6+ Ke6 40. c7 1-0

[Event "*** Titled Tuesday Blitz"]
[Site "Chess.com"]
[Date "2021.03.09"]
[Round "3"]
[White "NateSolon"]
[Black "Dave_ChessMate"]
[Result "1-0"]
[WhiteElo "2600"]
[BlackElo "2404"]
[TimeControl "180+1"]
[EndTime "10:29:37 PST"]
[Termination "NateSolon won by resignation"]

1. d4 d5 2. c4 e6 3. Nf3 Nf6 4. g3 Be7 5. Bg2 O-O 6. O-O dxc4 7. Qc2 a6 8. a4 Nbd7 9. Qxc4 b5 10.
Qc2 Bb7 11. axb5 axb5 12. Rxa8 Bxa8 13. Nc3 b4 14. Na4 Nd5 15. Bd2 Qb8 16. Rc1 Rc8 17.
Nc5 Nxc5 18. dxc5 Qb5 19. Nd4 Qa5 20. e4 Nf6 21. Nb3 Qa4 22. Ra1 Qb5 23. f3 Nd7 24.
Bf1 Qc6 25. Bxb4 Rb8 26. Ba3 f5 27. Nd4 Bxc5 28. Bxc5 Qxc5 29. Qxc5 Nxc5 30. Rc1 Na4 31. Rxc7 fxe4 32. Nxe6 exf3 33. Rxg7+ Kh8 34. Ra7 Nxb2 35. Ng5 Nd1 36. Rxh7+ Kg8 37. Bc4+ Kf8 38. Rh8+ Ke7 39. Rxb8 Bc6 40. Nxf3 Bxf3 41. Bf1 Bh5 42. Rb4 Nc3 43.
Rc4 Nd5 44. Bg2 Nf6 45. h3 Bf7 46. Rc1 Be6 47. Re1 Kf7 48. g4 Nh7 49. Kf2 Ng5 50.
Kg3 Kg7 51. h4 Ne4+ 52. Rxe4 1-0

[Event "*** Titled Tuesday Blitz"]
[Site "Chess.com"]
[Date "2021.03.09"]
[Round "3"]
[White "Zmof"]
[Black "FMLorneTwitch"]
[Result "0-1"]
[WhiteElo "2145"]
[BlackElo "2346"]
[TimeControl "180+1"]
[EndTime "10:29:37 PST"]
[Termination "FMLorneTwitch won on time"]

1. e4 c6 2. d4 d5 3. Nc3 dxe4 4. Nxe4 Bf5 5. Ng3 Bg6 6. h4 h6 7. Nf3 Nd7 8. h5 Bh7 9. Bd3 Bxd3 10. Qxd3 Ngf6 11.
Bf4 Qa5+ 12. Bd2 Qc7 13. O-O-O e6 14. Ne4 Nxe4 15. Qxe4 Nf6 16. Qe2 Bd6 17. g3 O-O-O 18. c4 c5 19. Bc3 Rhe8 20. Kb1 Kb8 21. Rc1 a6 22. Rh4 cxd4 23. Nxd4 Be7 24. a3 Nd7 25.
Nb3 Bxh4 26. gxh4 e5 27. Qg4 Nc5 28. Ba5 b6 29. Nxc5 Qxc5 30. Bb4 Qxf2 31. Qxg7 Qf5+ 32.
Ka2 Qxh5 33. Qf6 Qg6 34. Qf2 Qe6 35. Ka1 Rc8 36. c5 f5 37. Bd2 Kb7 38. Qg2+ e4 39.
cxb6 Rxc1+ 40. Bxc1 Qxb6 41. Qg7+ Ka8 42. Bf4 e3 43.
Qg2+ Qb7 44. Qe2 Ka7 45. Bxh6 Qe4 46. Qh5 e2 0-1

[Event "*** Titled Tuesday Blitz"]
[Site "Chess.com"]
[Date "2021.03.09"]
[Round "3"]
[White "Oligan22"]
[Black "Grineva_Marianna"]
[Result "1-0"]
[WhiteElo "2478"]
[BlackElo "2274"]
[TimeControl "180+1"]
[EndTime "10:29:38 PST"]
[Termination "Oligan22 won on time"]

1. d4 d6 2. e4 c6 3. f4 Nd7 4. Nf3 h6 5. Bd3 g6 6. Nc3 Bg7 7. Be3 e5 8. Qd2 Ne7 9. O-O-O Qc7 10. g4 b5 11. f5 a5 12. dxe5 dxe5 13. g5 hxg5 14.
Bxg5 f6 15. Be3 g5 16. Bxb5 cxb5 17. Nxb5 Qc6 18. Nd6+ Kf8 19. Kb1 Nb6 20. Rhf1 Ba6 21. Rf2 Nc4 22. Nxc4 Bxc4 23. Nxg5 Rb8 24. b3 Bg8 25. h4 a4 26. Ka1 axb3 27. cxb3 Rc8 28. Kb2 Bh7 29. Rff1 Bg8 30. Rc1 Qb7 31. Rxc8+ Qxc8 32. Rc1 Qb8 33. Bc5 Qe8 34. Ne6+ Bxe6 35. fxe6 Rxh4 36.
Qd7 Rxe4 37. Rd1 Re2+ 38. Ka3 f5 39. Qc7 Qa8+ 40. Kb4 Kg8 41. Rd8+ 1-0

[Event "*** Titled Tuesday Blitz"]
[Site "Chess.com"]
[Date "2021.03.09"]
[Round "3"]
[White "FlySooHigh"]
[Black "Zmeeed63"]
[Result "0-1"]
[WhiteElo "2678"]
[BlackElo "2456"]
[TimeControl "180+1"]
[EndTime "10:29:40 PST"]
[Termination "Zmeeed63 won on time"]

1. e4 Nc6 2. Nf3 d6 3. d4 Nf6 4.
Nc3 Bg4 5. Be3 g6 6. h3 Bxf3 7.
Qxf3 Bg7 8. d5 Ne5 9. Qe2 O-O 10. f4 Ned7 11. g4 c6 12. Bg2 cxd5 13. exd5 Rc8 14. O-O Nb6 15. Bd4 Qd7 16. Qd3 Rc4 17. Bxb6 Rxc3 18.
bxc3 axb6 19. Rab1 Qc7 20. Rfe1 Re8 21. Qe3 Nd7 22.
Rb3 Nc5 23. Rb4 Kf8 24. a4 Ra8 25. Reb1 Rxa4 26. Rxb6 Ra3 27. R6b4 Rxc3 28. Qe2 Bf6 29. Kh1 h6 30. Qd2 Qa5 31. Qe2 Qa3 32. Kh2 Qa2 33.
R4b2 Qa3 34. Rb4 Qa2 35. R4b2 Rxh3+ 36. Kxh3 Bxb2 37. Re1 Qa3+ 38. Kh2 Bf6 39. Qe3 Qb2 40. c4 Qb4 41. Qe2 Qc3 42. Rf1 Qd4 0-1

[Event "*** Titled Tuesday Blitz"]
[Site "Chess.com"]
[Date "2021.03.09"]
[Round "3"]
[White "Ze-Pequeno"]
[Black "alejogarcia1999"]
[Result "0-1"]
[WhiteElo "2244"]
[BlackElo "2517"]
[TimeControl "180+1"]
[EndTime "10:29:40 PST"]
[Termination "alejogarcia1999 won by resignation"]

1. e4 c5 2. Nf3 e6 3. d4 cxd4 4. Nxd4 Nc6 5. Nc3 Nf6 6. Ndb5 d6 7.
Bf4 e5 8. Bg5 a6 9. Na3 b5 10.
Bxf6 gxf6 11. Nd5 f5 12. c3 Bg7 13. exf5 Bxf5 14. Nc2 O-O 15. Nce3 Bd7 16. Bd3 f5 17. Qh5 e4 18. Bc2 Ne5 19. Rd1 Ra7 20. g4 Be8 21. Qh3 fxg4 22. Nxg4 Rf3 23. Qg2 Qh4 24. Bxe4 Rf8 25.
Nxe5 dxe5 26. O-O Kh8 27. f3 Bh6 28. Kh1 Rg7 29. Qe2 Rfg8 30. Rg1 Bf4 31. Rxg7 Rxg7 32. Rg1 Rxg1+ 33. Kxg1 Qg5+ 34. Kh1 Bc1 35. b3 Bd7 36. Qg2 Qd2 37. Nf6 Qe1+ 38. Qg1 Qxg1+ 39. Kxg1 Be6 40. Nxh7 Bd2 41. Nf8 Bf7 42. Nd7 Bxc3 43. Nc5 Bd4+ 44. Kg2 Bxc5 0-1

[Event "*** Titled Tuesday Blitz"]
[Site "Chess.com"]
[Date "2021.03.09"]
[Round "3"]
[White "A-S-00"]
[Black "Skat2704"]
[Result "1/2-1/2"]
[WhiteElo "2397"]
[BlackElo "2574"]
[TimeControl "180+1"]
[EndTime "10:29:41 PST"]
[Termination "Game drawn - insufficient material"]

1. d4 d5 2. Nf3 Nf6 3. c4 c6 4. Nc3 a6 5. cxd5 cxd5 6. Bf4 Nc6 7. e3 Bg4 8. Be2 e6 9. O-O Bd6 10. Bg5 h6 11. Bh4 O-O 12. a3 Rc8 13. Rc1 b5 14. b4 Be7 15. h3 Bh5 16. Bg3 Bd6 17.
Bh4 Be7 18. Ne5 Bxe2 19. Nxe2 Nxe5 20. dxe5 Rxc1 21. Qxc1 Ne4 22. Bxe7 Qxe7 23. Qc6 Qa7 24. Rc1 Nd2 25. Nd4 Nc4 26. Nb3 Nxe5 27. Qc7 Qxc7 28. Rxc7 Nc4 29. Nc5 Nxa3 30. Nxa6 Ra8 31. Rc6 Nc4 32.
Nc7 Ra1+ 33. Kh2 Rb1 34. Nxb5 Rxb4 35. Nd4 Rb2 36. Rc8+ Kh7 37. Kg3 Nd2 38. f3 Nf1+ 39. Kf4 Rxg2 40. Rc7 Kg6 41. Nc6 Ng3 42. Ne5+ Kh7 43.
Nxf7 Kg8 44. Nd8 Ne2+ 45. Ke5 Ng1 46. Nxe6 Nxf3+ 47. Kxd5 Rd2+ 48. Ke4 Ng5+ 49. Nxg5 hxg5 50. Rc5 Rh2 51. Rxg5 Rxh3 52. Kf4 Rh4+ 53. Rg4 Rxg4+ 54. Kxg4 Kf7 55. Kf5 g6+ 56. Kg5 Kg7 57. e4 Kf7 58. e5 Ke6 59. Kxg6 Kxe5 1/2-1/2

[Event "*** Titled Tuesday Blitz"]
[Site "Chess.com"]
[Date "2021.03.09"]
[Round "3"]
[White "Koalaskakistis"]
[Black "konradrutkowski"]
[Result "1-0"]
[WhiteElo "2577"]
[BlackElo "2383"]
[TimeControl "180+1"]
[EndTime "10:29:41 PST"]
[Termination "Koalaskakistis won on time"]

1. d4 Nf6 2. Bf4 c5 3. d5 Qb6 4. Nc3 e6 5. e4 exd5 6. exd5 Bd6 7. Bxd6 Qxd6 8. Nf3 O-O 9. Be2 a6 10. a4 b6 11. O-O Bb7 12. Nd2 Qc7 13. Nc4 d6 14.
Bf3 Nbd7 15. Re1 Rfe8 16. Qd2 Rxe1+ 17. Rxe1 Re8 18. g4 h6 19. h4 Nf8 20. Rxe8 Nxe8 21. Qe3 Qd8 22. b3 Nc7 23. Nxb6 Qxh4 24. Nc4 Qd8 25.
Qf4 Ne8 26. Be4 Ng6 27. Bxg6 fxg6 28. Qe4 Kh7 29. Qf4 Qe7 30. Qe3 Qh4 31. f3 Qg3+ 32.
Kf1 Nf6 33. Qf2 Qf4 34. Qe3 Qg3 35. Qd3 h5 36. gxh5 Nxh5 37. Ne4 Qh2 38. Ng5+ Kh6 39. Nf7+ Kh7 40. Nfxd6 Nf4 41. Qd2 Qh1+ 42. Kf2 Qh2+ 43. Ke3 Nxd5+ 44. Kd3 Nf4+ 45. Kc3 Qg3 46. Nxb7 Qxf3+ 47.
Kb2 Qxb7 48. Qxf4 1-0

[Event "*** Titled Tuesday Blitz"]
[Site "Chess.com"]
[Date "2021.03.09"]
[Round "3"]
[White "BillieKimbah"]
[Black "PopMilan95"]
[Result "1-0"]
[WhiteElo "2878"]
[BlackElo "2605"]
[TimeControl "180+1"]
[EndTime "10:29:42 PST"]
[Termination "BillieKimbah won by resignation"]

1. Nf3 Nf6 2. g3 g6 3. Bg2 Bg7 4. d4 O-O 5. O-O d6 6. a4 a5 7.
Nc3 Nbd7 8. e4 e5 9. h3 c6 10.
Re1 Re8 11. Bg5 Qb6 12. Rb1 exd4 13. Nxd4 Nc5 14. Nb3 Nxb3 15. cxb3 Be6 16. Qxd6 h6 17. Be3 Qxb3 18. Red1 Nd7 19. Bd4 Bxd4 20. Rxd4 Qb6 21. b4 axb4 22. Rdxb4 Qc5 23. Qd2 b6 24. Ne2 h5 25.
Nd4 Qd6 26. Qc3 Rac8 27. Nxe6 Qxe6 28. Rd4 c5 29. Rd2 Ne5 30. Rbd1 h4 31. gxh4 Qe7 32. h5 gxh5 33. Rd6 Nc6 34. Qg3+ Kh7 35. Qf4 Nd4 36. Qh6+ Kg8 37. Rd5 Rc6 38. Rg5+ Rg6 39. Rxg6+ fxg6 40. Qxg6+ Kf8 41. Qxb6 Ne2+ 42. Kf1 Nd4 43. a5 Rc8 44. a6 Qf7 45. a7 Qc4+ 46. Kg1 Qg8 47. Qf6+ Qf7 48.
Qxf7+ Kxf7 49. e5 1-0

[Event "*** Titled Tuesday Blitz"]
[Site "Chess.com"]
[Date "2021.03.09"]
[Round "3"]
[White "azikom"]
[Black "NiranjanNavalgund"]
[Result "0-1"]
[WhiteElo "2632"]
[BlackElo "2456"]
[TimeControl "180+1"]
[EndTime "10:29:42 PST"]
[Termination "NiranjanNavalgund won on time"]

1. d4 Nf6 2. Nf3 e6 3. Bf4 d5 4. e3 Bd6 5. Nbd2 c5 6. dxc5 Bxc5 7. c4 Nc6 8. a3 a5 9. Rc1 Ba7 10. cxd5 exd5 11. Ne5 O-O 12. Ndf3 Qb6 13. Qc2 Be6 14. Nxc6 bxc6 15. Be2 c5 16. O-O Ne4 17. Bd3 Qb7 18. Rfd1 Bg4 19. Be2 Bf5 20. Nh4 Be6 21. Bd3 c4 22. Bxe4 dxe4 23. h3 Rfd8 24. g4 h5 25. Nf5 hxg4 26. hxg4 Rd3 27. Qe2 Rad8 28. Kg2 Bxf5 29.
gxf5 Qd5 30. Rh1 Qxf5 31. Rxc4 Qg6+ 32. Bg3 Bxe3 33. Qh5 Qxh5 34. Rxh5 Bd4 35. Rf5 Rd2 36. Rc7 f6 37. Re7 e3 38. Rf3 e2 39. Re4 Bxb2 0-1

[Event "*** Titled Tuesday Blitz"]
[Site "Chess.com"]
[Date "2021.03.09"]
[Round "3"]
[White "CrushingKings"]
[Black "SchmakAttack"]
[Result "1-0"]
[WhiteElo "2402"]
[BlackElo "2557"]
[TimeControl "180+1"]
[EndTime "10:29:42 PST"]
[Termination "CrushingKings won by resignation"]

1. e4 e6 2. Nf3 d5 3. Nc3 Nf6 4. e5 Nfd7 5. d4 c5 6. dxc5 Nc6 7. Bf4 Bxc5 8. Bd3 a6 9. a3 b5 10. h4 h6 11. Qe2 Bb7 12. h5 Nd4 13. Nxd4 Bxd4 14. Kf1 Qc7 15. Re1 Bxc3 16. bxc3 Qxc3 17. Rh3 Qc7 18. Rg3 Nc5 19. Rxg7 O-O-O 20. Rc1 Na4 21. Qd2 d4 22. Qe2 Nc3 23. Qg4 Kb8 24. Qh4 Nd5 25. Bg3 Rdg8 26. Qg4 Qd8 27. Bh7 Rxg7 28. Qxg7 Qf8 29. Qxf8+ Rxf8 30. Rd1 Nc3 31. Rxd4 Bd5 32. Bf4 Rh8 33. Bd3 Kc7 34. Bd2 Na4 35. Rf4 Rf8 36.
Bb4 Rh8 37. Rxf7+ Kc6 38. Bd2 Nb6 39. Rf6 Nd7 40. Rxh6 Rxh6 41. Bxh6 Nxe5 42. Bg7 Ng4 43. f3 Ne3+ 44. Ke2 Nf5 45. Bf8 Nd4+ 46. Kf2 e5 47. h6 1-0

[Event "*** Titled Tuesday Blitz"]
[Site "Chess.com"]
[Date "2021.03.09"]
[Round "3"]
[White "FMJoseHerrera"]
[Black "esapunov"]
[Result "1-0"]
[WhiteElo "2527"]
[BlackElo "2742"]
[TimeControl "180+1"]
[EndTime "10:29:44 PST"]
[Termination "FMJoseHerrera won by resignation"]

1. Nf3 Nf6 2. g3 g6 3. Bg2 Bg7 4. d3 O-O 5. Nc3 d6 6. h4 c5 7. h5 Nxh5 8. Bg5 f6 9. Be3 Nc6 10. Qd2 e5 11. Bh6 Be6 12. Bxg7 Kxg7 13. e4 b5 14. Nd5 Ne7 15. Ne3 Qd7 16. Nh4 Kg8 17. Nhf5 Rab8 18. Bf3 Nxf5 19. exf5 Bxf5 20. g4 Nf4 21.
gxf5 d5 22. fxg6 hxg6 23. Nxd5 Kg7 24. Nxf4 exf4 25. Qxf4 Rbe8+ 26. Kd2 Rh8 27. Rxh8 Rxh8 28. Rh1 Rxh1 29. Bxh1 a5 30. Be4 b4 31. Qg3 f5 32.
Qe5+ Kh6 33. Bd5 a4 34. f4 Kh7 35. Bc4 Qa7 36. Qf6 Qb8 37. Qh4+ Kg7 38. Qe7+ Kh6 39.
Qg5+ Kg7 40. Ke3 Qd6 41. Kf3 a3 42. bxa3 bxa3 43. Bb3 Qd4 44. Qe7+ Kh6 45. Qf8+ Kh7 46. Bg8+ Kh8 47. Bf7+ Kh7 48. Qg8+ 1-0

[Event "*** Titled Tuesday Blitz"]
[Site "Chess.com"]
[Date "2021.03.09"]
[Round "3"]
[White "kuhlmann"]
[Black "lupta_robin"]
[Result "0-1"]
[WhiteElo "2401"]
[BlackElo "2594"]
[TimeControl "180+1"]
[EndTime "10:29:44 PST"]
[Termination "lupta_robin won by resignation"]

1. a4 d5 2. g3 e5 3. Bg2 Nc6 4. d3 Nf6 5. Nd2 Be7 6. e4 O-O 7. Ngf3 Re8 8. O-O Bf8 9. b3 h6 10. Bb2 d4 11. Nc4 Nd7 12. c3 Nb6 13. Nxb6 axb6 14. cxd4 exd4 15. Nd2 Bb4 16. h3 Be6 17. Nc4 f5 18. f4 fxe4 19. dxe4 d3 20. f5 Bxc4 21. bxc4 Bc5+ 22. Kh2 Bd4 23. Ra2 Ne5 24. f6 g6 25. f7+ Nxf7 26. e5 c6 27. Qg4 Nxe5 28.
Qxd4 Qxd4 29. Bxd4 Nxc4 30. Rd1 Rad8 31. Bg1 Ne3 32.
Bxe3 Rxe3 33. Bf1 c5 34. a5 b5 35. a6 bxa6 36. Rxa6 Kg7 37. Rc6 c4 38. Rc5 h5 39. h4 Rd4 40. Rxb5 c3 41. Bxd3 Rdxd3 42. Rxd3 Rxd3 43. Rc5 Rd2+ 44. Kh3 c2 45. Rc3 Kf6 46.
Rc6+ Ke5 47. g4 Kd4 48. gxh5 gxh5 49. Kg3 Ke3 50. Re6+ Kd3 51. Rc6 Ke2 52. Kf4 Kd1 53.
Kg5 Rd5+ 54. Kf6 c1=Q 55. Rxc1+ Kxc1 0-1

[Event "*** Titled Tuesday Blitz"]
[Site "Chess.com"]
[Date "2021.03.09"]
[Round "3"]
[White "mr_gustavo"]
[Black "swisspower96"]
[Result "0-1"]
[WhiteElo "2397"]
[BlackElo "2588"]
[TimeControl "180+1"]
[EndTime "10:29:44 PST"]
[Termination "swisspower96 won by resignation"]

1. d4 Nf6 2. c4 e6 3. Nc3 Bb4 4.
e3 O-O 5. Nf3 d5 6. Bd3 dxc4 7.
Bxc4 c5 8. O-O cxd4 9. exd4 b6 10. Bg5 Bb7 11. Qe2 Nbd7 12. Rfd1 h6 13. Bh4 Rc8 14. Rac1 Be7 15. Ne5 Nd5 16. Bxe7 Nxe7 17. Nxf7 Rxf7 18. Bxe6 Nf8 19. d5 Neg6 20. Bxf7+ Kxf7 21.
Qd3 Qg5 22. Re1 Kg8 23. Qf3 Nf4 24. g3 N8g6 25. Kf1 Ba6+ 26. Kg1 Nd3 27. d6 Rf8 28. Qd5+ Qxd5 29. Nxd5 Nxc1 30. Rxc1 Rd8 31. Ne7+ Nxe7 32. dxe7 Re8 33. Rc7 Kf7 34. Rxa7 Bc4 35. b3 Bd5 36. f4 Rxe7 37. Ra6 Re6 38. Ra7+ Kf6 39. Kf2 g5 40.
fxg5+ hxg5 41. Rc7 g4 42. Rc3 Rc6 43. Re3 Rc2+ 44.
Re2 Rxe2+ 45. Kxe2 Ke5 46. Ke3 b5 47. b4 Bxa2 0-1

[Event "*** Titled Tuesday Blitz"]
[Site "Chess.com"]
[Date "2021.03.09"]
[Round "3"]
[White "Artem_Sadovsky"]
[Black "Unknown_IM"]
[Result "1-0"]
[WhiteElo "2579"]
[BlackElo "2389"]
[TimeControl "180+1"]
[EndTime "10:29:44 PST"]
[Termination "Artem_Sadovsky won by checkmate"]

1. Nf3 d5 2. c4 d4 3. e3 c5 4. b4 dxe3 5. fxe3 cxb4 6. d4 Nf6 7.
Bd3 Bg4 8. O-O Nc6 9. h3 Bxf3 10.
Qxf3 e6 11. Nd2 Be7 12. Ne4 Nxd4 13. exd4 Qxd4+ 14. Kh1 Qxa1 15. Bh6 Qxf1+ 16. Qxf1 Nxe4 17. Bxe4 gxh6 18. Bxb7 Rd8 19. c5 O-O 20. Qf2 Rd1+ 21. Kh2 Rc1 22. Qg3+ Kh8 23. c6 Rd8 24. Qe5+ Kg8 25.
Qg3+ Kf8 26. Qf2 Bg5 27. h4 Rd2 28. Qf3 Bxh4 29. c7 Rxc7 30. Qf4 Rdd7 31. Qxh6+ Ke8 32. Ba6 Be7 33. Bb5 Bd6+ 34. Kh1 Be5 35. Bxd7+ Rxd7 36. g4 f6 37. Kg2 Kd8 38. Kf3 Kc7 39. Ke4 Rd4+ 40.
Kf3 Rd7 41. Qf8 Bd6 42. Qxf6 e5 43. Ke4 Kc6 44. Qe6 Re7 45. Qc4+ Kd7 46. Kd5 e4 47. Qc6+ Kd8 48. Kxd6 e3 49. Qa8# 1-0

[Event "*** Titled Tuesday Blitz"]
[Site "Chess.com"]
[Date "2021.03.09"]
[Round "3"]
[White "Tekushka"]
[Black "Goryachkina"]
[Result "1/2-1/2"]
[WhiteElo "2446"]
[BlackElo "2669"]
[TimeControl "180+1"]
[EndTime "10:29:45 PST"]
[Termination "Game drawn by repetition"]

1. e4 c5 2. Nf3 e6 3. d4 cxd4 4. Nxd4 Nf6 5. Nc3 Nc6 6. Ndb5 d6 7. Bf4 e5 8. Bg5 a6 9. Na3 b5 10. Nd5 Be7 11. Bxf6 Bxf6 12. c4 b4 13. Nc2 a5 14.
g3 O-O 15. h4 Be7 16. Bh3 Be6 17. Kf1 Rb8 18. b3 Qd7 19. Kg2 Bd8 20. Qd3 Qa7 21.
Rad1 Qc5 22. Nde3 Bc7 23. Nf5 Bxf5 24. Bxf5 Bb6 25. Rd2 Nd4 26. Nxd4 exd4 27. f4 g6 28. Bg4 Rfe8 29. Bf3 Re7 30. Qc2 a4 31. Rd3 axb3 32.
axb3 Ra7 33. Qd2 Rba8 34. Rc1 Ra2 35. Rc2 Rxc2 36. Qxc2 Qa5 37. e5 dxe5 38. fxe5 Rd8 39. Qe2 Qc5 40. Bd5 Rxd5 41. cxd5 Qxd5+ 42. Qf3 Qc5 43. Qe4 Qc2+ 44. Kf3 Qb1 45. Kg2 Qc2+ 46. Kf3 Qb1 47.
Kg2 Qc2+ 1/2-1/2

[Event "*** Titled Tuesday Blitz"]
[Site "Chess.com"]
[Date "2021.03.09"]
[Round "3"]
[White "tusplingher"]
[Black "IMAghasiyevKamal"]
[Result "1-0"]
[WhiteElo "2304"]
[BlackElo "2499"]
[TimeControl "180+1"]
[EndTime "10:29:45 PST"]
[Termination "tusplingher won by checkmate"]

1. e4 e5 2. Bc4 Nf6 3. d4 Nxe4 4. dxe5 c6 5. Qe2 Qa5+ 6. c3 Qxe5 7. f3 d5 8. Bd3 f5 9. fxe4 fxe4 10. Bc2 Bd6 11. Be3 O-O 12. Nd2 Bf5 13. O-O-O Nd7 14. Bd4 Qe7 15. g4 Be6 16. Re1 Bf4 17. Nh3 Bxd2+ 18. Qxd2 Bxg4 19. Rhg1 h5 20. Nf2 c5 21.
Be3 Nf6 22. h3 Bf3 23. Bh6 Rf7 24. Rg3 Kh7 25. Bg5 Qe5 26. Bf4 Qf5 27. Reg1 Ne8 28. Be3 Kg8 29. Bxc5 Rc8 30. Bd4 b5 31. Qh6 Rcc7 32.
Qe3 b4 33. Rg5 Qf4 34. Qxf4 Rxf4 35. Be5 Rcf7 36. Bxf4 Rxf4 37. Re5 Nf6 38. Nd1 bxc3 39. Nxc3 d4 40. Nd1 d3 41. Bb3+ Kh7 42. Reg5 g6 43. Ne3 Be2 44. Rxg6 Rf3 45. Rg7+ Kh8 46. R7g6 Rxe3 47.
Rh6+ Nh7 48. Rg8# 1-0

[Event "*** Titled Tuesday Blitz"]
[Site "Chess.com"]
[Date "2021.03.09"]
[Round "3"]
[White "XxPetroffsxX"]
[Black "Vyacheslav_N"]
[Result "1/2-1/2"]
[WhiteElo "2200"]
[BlackElo "2355"]
[TimeControl "180+1"]
[EndTime "10:29:45 PST"]
[Termination "Game drawn by repetition"]

1. d4 Nf6 2. c4 e6 3. Nc3 Bb4 4. Qb3 a5 5. Nf3 Nc6 6. a3 a4 7.
Qc2 Bxc3+ 8. Qxc3 O-O 9. Bg5 h6 10.
Bxf6 Qxf6 11. e3 d6 12. Bd3 e5 13. dxe5 Nxe5 14. Nxe5 Qxe5 15. Qxe5 dxe5 16. O-O Be6 17. Rac1 Rfd8 18. Be4 c6 19. f4 f5 20. Bb1 e4 21.
Rf2 Ra5 22. Kf1 Rc5 23. Rfc2 g5 24. g3 Rd3 25. Ke2 Bf7 26. Rc3 Bh5+ 27. Ke1 Rxc3 28.
Rxc3 Bf7 29. Ba2 b5 30. cxb5 Rxc3 31. Bxf7+ Kxf7 32. bxc3 cxb5 33. Kd2 Ke6 34. fxg5 hxg5 35. h4 Kf6 36. c4 bxc4 37. Kc3 gxh4 38. gxh4 f4 39. exf4 e3 40. h5 Kf5 41. Kc2 Kf6 42.
Kc3 Kg7 43. f5 Kf6 44. h6 Kf7 45. Kc2 Kf6 46. Kc3 Kf7 47. Kc2 Kf6 48. Kc3 1/2-1/2

[Event "*** Titled Tuesday Blitz"]
[Site "Chess.com"]
[Date "2021.03.09"]
[Round "3"]
[White "German_Bazeev"]
[Black "zajka-molotok"]
[Result "1-0"]
[WhiteElo "2744"]
[BlackElo "2509"]
[TimeControl "180+1"]
[EndTime "10:29:46 PST"]
[Termination "German_Bazeev won on time"]

1. d4 d5 2. Nf3 Nf6 3. c4 c6 4.
Qc2 g6 5. Bf4 Bf5 6. Qb3 Qc8 7. e3 Bg7 8. h3 O-O 9. Nc3 Be6 10. Rc1 Nbd7 11. Ng5 dxc4 12. Qc2 Nb6 13. Nxe6 Qxe6 14. Be2 Nfd5 15. Bg3 Nb4 16. Qb1 Qd7 17. O-O Rad8 18. Ne4 Qd5 19. Nc5 e5 20. Bf3 Qd6 21. Nxb7 Qe7 22. Nxd8 Rxd8 23. Rcd1 exd4 24. exd4 Bxd4 25. Qe4 Qxe4 26. Bxe4 c5 27. Kh2 Nxa2 28. Bh4 Re8 29. Rfe1 Bxb2 30. Bb1 Rxe1 31. Rxe1 Nb4 32. Be7 Nd7 33. Rd1 Bd4 34. Rxd4 cxd4 35. Bxb4 d3 36. Kg3 f5 37. Kf4 Kf7 38. Ke3 Ke6 39. Kd4 Nb6 40. Ba2 Kf6 41. Ba5 Na4 42.
Bxc4 Nb2 43. Bxd3 Nd1 44. Be1 f4 45. Bc2 1-0

[Event "*** Titled Tuesday Blitz"]
[Site "Chess.com"]
[Date "2021.03.09"]
[Round "3"]
[White "Redzishchess"]
[Black "bylavochka"]
[Result "1/2-1/2"]
[WhiteElo "2363"]
[BlackElo "2206"]
[TimeControl "180+1"]
[EndTime "10:29:46 PST"]
[Termination "Game drawn by repetition"]

1. d4 Nf6 2. Bf4 d6 3. e3 g6 4. Nf3 Bg7 5. h3 Nbd7 6. Nbd2 O-O 7. Be2 b6 8. O-O c5 9. c3 Bb7 10. Bh2 a6 11. a4 Ra7 12. Qb3 Qa8 13. Rfd1 Ne4 14.
Nxe4 Bxe4 15. d5 Nf6 16. c4 Bxf3 17. Bxf3 Nd7 18. h4 h5 19. g4 hxg4 20. Bxg4 Ne5 21.
Bxe5 Bxe5 22. f4 Bf6 23. h5 Kg7 24. Kf2 Rh8 25. Rh1 b5 26. h6+ Rxh6 27. Rxh6 Kxh6 28. Rh1+ Kg7 29. e4 bxc4 30. Qh3 Kf8 31. Be6 fxe6 32. Qxe6 Qb7 33. Rh7 Qxb2+ 34. Kf3 Qb3+ 35. Ke2 Qc2+ 36. Kf3 Qd3+ 37. Kg2 Qe2+ 38. Kg3 Qe3+ 39. Kg2 Qe2+ 40. Kg3 Qe3+ 41. Kg2 Qd2+ 42. Kf3 Qd3+ 43. Kg2 Qe2+ 1/2-1/2

[Event "*** Titled Tuesday Blitz"]
[Site "Chess.com"]
[Date "2021.03.09"]
[Round "3"]
[White "Piotrek1979"]
[Black "mariofs"]
[Result "1-0"]
[WhiteElo "2367"]
[BlackElo "2194"]
[TimeControl "180+1"]
[EndTime "10:29:46 PST"]
[Termination "Piotrek1979 won by resignation"]

1. e4 c5 2. Nf3 Nc6 3. d4 cxd4 4. Nxd4 g6 5. c4 Nf6 6. Nc3 Nxd4 7. Qxd4 d6 8. Be3 Bg7 9. f3 O-O 10. Qd2 Be6 11.
Rc1 a6 12. Be2 Rc8 13. b3 Qa5 14. Na4 Qc7 15. Nb6 Rb8 16. O-O Nd7 17. Nd5 Qd8 18.
b4 a5 19. bxa5 Nc5 20. Nb6 Qc7 21. Rc2 f5 22. exf5 Bxf5 23. Rcc1 Kh8 24. Rfd1 Be6 25. Bd4 Bxd4+ 26. Qxd4+ Kg8 27. Bf1 Nd7 28. Re1 Qc5 29.
Rcd1 Qxd4+ 30. Rxd4 Nc5 31. Kf2 Rfe8 32. g3 Kf7 33. f4 Bf5 34. Re3 Rbd8 35. Bg2 Kf6 36. h3 h5 37. Rd2 e5 38. fxe5+ dxe5 39. Nd5+ Kf7 40. Rde2 Rd7 41. Kg1 Bd3 42. Rf2+ Kg7 43.
Nf6 Ree7 44. Nxd7 Rxd7 45. Rxe5 Rc7 46. Bd5 Bf5 47. Kg2 Nd3 48. Rexf5 gxf5 49. Rxf5 Kg6 50.
Be4 Kh6 51. Bxd3 Re7 52. Rd5 1-0